 Dungeon Crawl Stone Soup version 0.21-a0-67-g3f13d09 (webtiles) character file.

2840 Ijustatesigmund the Fighter (level 9, -18/68 HPs)
             Began as an Octopode Fighter on June 17, 2017.
             Was an Initiate of Okawaru.
             Demolished by tstbtto's ghost (21 damage)
             ... on level 7 of the Dungeon.
             The game lasted 00:15:43 (7049 turns).

Ijustatesigmund the Fighter (Octopode Fighter)      Turns: 7049, Time: 00:15:44

Health: -18/68     AC:  3    Str: 15    XL:     9   Next: 74%
Magic:  0/9        EV: 16    Int: 18    God:    Okawaru [......]
Gold:   333        SH: 10    Dex: 14    Spells: 8/8 levels left

rFire    + . .     SeeInvis .   a - +1 morningstar
rCold    + + .     Gourm    .   b - +1 shield
rNeg     . . .     Faith    .   (helmet restricted)
rPois    .         Spirit   +   g - amulet of guardian spirit
rElec    .         Reflect  .   k - ring of protection from cold
rCorr    .         Harm     .   n - +4 ring of intelligence
MR       .....                  p - +3 ring of intelligence
Stlth    ++++......             c - ring of fire
HPRegen  0.21/turn              u - ring of protection from cold
MPRegen  0.11/turn              q - +4 ring of evasion
                                (no ring)
                                (no ring)

@: lethally poisoned (-18 -> -20)
A: almost no armour, stealthy swim, amphibious, 8 rings, constrict 8, iridescent
scales 1, camouflage 1, cold resistance 1, low mp 1, wild magic 1, gelatinous
body 1
a: Renounce Religion


You were on level 7 of the Dungeon.
You worshipped Okawaru.
Okawaru was noncommittal.
You were hungry.

You visited 2 branches of the dungeon, and saw 8 of its levels.
You also visited: Sewer.

You collected 333 gold pieces.

Inventory:

Hand Weapons
 a - a +1 morningstar (weapon)
 x - a +0 blowgun
Missiles
 j - 15 javelins (quivered)
 o - 9 curare-tipped needles
Armour
 b - a +1 shield (worn)
Jewellery
 c - a ring of fire (on tentacle)
 g - an amulet of guardian spirit (around mantle)
 k - a ring of protection from cold (left tentacle)
 n - a +4 ring of intelligence (right tentacle)
 p - a +3 ring of intelligence (on tentacle)
 q - a +4 ring of evasion (on tentacle)
 u - a ring of protection from cold (on tentacle)
Wands
 i - a wand of confusion (44/48)
 w - a wand of random effects (35/48)
 C - a wand of digging (18/24)
Scrolls
 f - 2 scrolls of remove curse
 h - a scroll of teleportation
 l - 4 scrolls of immolation
 m - 3 scrolls of identify
 t - a scroll of recharging
 v - 2 scrolls of amnesia {unknown}
 y - a scroll of enchant weapon
Potions
 e - a potion of magic
 s - a potion of lignification
 A - 2 potions of flight
 B - 2 potions of curing
Books
 r - a book of Misfortune

   Spells                             Type                      Level
   a - Confusing Touch                Hexes                        1
   b - Confuse                        Hexes                        3
   c - Gell's Gravitas                Translocation                3
   d - Petrify                        Transmutation/Earth          4
   e - Metabolic Englaciation         Hexes/Ice                    5
   f - Yara's Violent Unravelling     Hexes/Transmutation          5
Comestibles
 d - a bread ration


   Skills:
 + Level 9.2 Fighting
 + Level 8.8 Maces & Flails
 + Level 2.8 Throwing
 - Level 3.0 Dodging
 + Level 3.9 Stealth
 - Level 3.0 Shields
 * Level 2.3 Invocations


You had 8 spell levels left.
You didn't know any spells.

Dungeon Overview and Level Annotations

Branches:
Dungeon (7/15)             Temple (1/1) D:6

Altars:
Ashenzari
Cheibriados
Dithmenos
Elyvilon
Fedhas
Gozag
Hepliaklqana
Kikubaaqudgha
Makhleb
Nemelex Xobeh
Okawaru
Qazlal
Ru
Uskayaw
Vehumet
Wu Jian
Xom
Yredelemnul
The Shining One

Annotations:
D:6 Grinder
D:7 tstbtto's ghost, novice NaBe


Innate Abilities, Weirdness & Mutations

You cannot wear most types of armour.
You are very stealthy in the water. (Stealth+)
You are amphibious.
You can wear up to eight rings at the same time.
You can use your tentacles to constrict eight enemies at once.
Your skin changes colour to match your surroundings (Stealth+).
Your rubbery body absorbs attacks. (AC +1, EV +1)
You are partially covered in iridescent scales. (AC +2)
Your flesh is cold resistant. (rC+)
Your magical capacity is low. (-10% MP)
Your spells are a little harder to cast, but a little more powerful.


Message History

You hit tstbtto's ghost but do no damage.
Tstbtto's ghost is heavily damaged.
You feel sick. Tstbtto's ghost misses you. You block the adder's attack.
A hound comes into view.
The hound barks!
You thump tstbtto's ghost!
Tstbtto's ghost is severely damaged.
You feel sick. The adder barely misses you. Tstbtto's ghost barely misses you.
The adder completely misses you.
You hit tstbtto's ghost.
Tstbtto's ghost is severely damaged.
Tstbtto's ghost hits you!!
* * * LOW HITPOINT WARNING * * *
The adder misses you. Tstbtto's ghost hits you!
* * * LOW HITPOINT WARNING * * *
You hit tstbtto's ghost. You squeeze tstbtto's ghost!
Tstbtto's ghost is severely damaged.
* * * LOW HITPOINT WARNING * * *
You feel sick. You block the adder's attack. Tstbtto's ghost hits you!!
You die...

.#.# .... ### ..# .#...
..# .... ..... #.# #...#
#.... #.# #...######
##....##.# #>..##....
.....hW#.######...#.....
#....S@................
!............†..........
.##.##.##......>........
# #. #######...#...#. ..
#...##.... ###
#...#####. #...# #.
#...#####. #####
#.........


You could see a hound, tstbtto's ghost and an adder.

Vanquished Creatures
  A basilisk (D:6)
  A hungry ghost (D:4)
  2 steam dragons
  A water moccasin (D:7)
  3 orc warriors
  A phantom (D:5)
  2 sky beasts
  3 centaurs
  A big kobold (Sewer)
  The ghost of Apogee the Insei, an amateur OpTm (D:3)
  3 scorpions
  A killer bee (D:5)
  A howler monkey (D:5)
  4 crimson imps
  A bullfrog zombie (D:5)
  A centaur zombie (D:5)
  3 bullfrog skeletons
  3 hounds
  5 orc wizards
  An orc priest (D:4)
  Terence (D:2)
  9 worker ants
  A killer bee zombie (D:6)
  The ghost of Duffy the Bolt Thrower, a weakling FoHu (D:4)
  6 adders
  2 river rats (Sewer)
  4 shadow imps
  An ooze (D:3)
  An adder zombie (D:6)
  2 adder skeletons
  3 worms
  2 dart slugs
  12 leopard geckos
  17 orcs
  8 giant cockroaches
  3 goblins
  5 hobgoblins
  7 jackals
  5 quokkas
  A ball python (D:1)
  9 bats
  4 frilled lizards
  A giant cockroach zombie (D:5)
  A jackal zombie (D:6)
  13 kobolds
  A quokka zombie (D:5)
  6 rats
165 creatures vanquished.

Vanquished Creatures (others)
  A fungus (D:5)
1 creature vanquished.

Grand Total: 166 creatures vanquished

Notes
Turn   | Place    | Note
-------+----------+-------------------------------------------
     0 | D:1      | Ijustatesigmund the Octopode Fighter began the quest for the Orb.
     0 | D:1      | Reached XP level 1. HP: 16/16 MP: 1/1
   322 | D:1      | Reached XP level 2. HP: 21/21 MP: 2/2
   806 | D:2      | Noticed Terence
   815 | D:2      | Killed Terence
   815 | D:2      | Reached XP level 3. HP: 15/27 MP: 3/3
  1098 | D:2      | Reached XP level 4. HP: 25/33 MP: 4/4
  1123 | D:2      | Reached skill level 4 in Fighting
  1847 | D:3      | Noticed Apogee's ghost (amateur OpTm)
  1856 | D:3      | Killed Apogee's ghost
  1856 | D:3      | Reached XP level 5. HP: 33/38 MP: 5/5
  2388 | D:3      | Found a faded altar of an unknown god.
  2468 | D:4      | Reached XP level 6. HP: 45/45 MP: 6/6
  2476 | D:4      | Reached skill level 5 in Fighting
  2587 | D:4      | Noticed Duffy's ghost (weakling FoHu)
  2597 | D:4      | Killed Duffy's ghost
  2796 | D:4      | Reached skill level 5 in Maces & Flails
  2856 | D:4      | Noticed a hungry ghost
  2886 | D:5      | Entered Level 5 of the Dungeon
  3116 | D:5      | Reached XP level 7. HP: 50/51 MP: 7/7
  3117 | D:5      | Found a large runed door.
  3118 | D:5      | Found a large runed door.
  3336 | D:5      | Found a large runed door.
  3336 | D:5      | Found a large runed door.
  3503 | D:5      | Found a white marble altar of Elyvilon.
  3504 | D:5      | Found an ornate altar of the Wu Jian Council.
  3504 | D:5      | Found a glowing golden altar of the Shining One.
  3504 | D:5      | Found a burning altar of Makhleb.
  3510 | D:5      | Reached skill level 6 in Fighting
  3583 | D:5      | Noticed a steam dragon
  3597 | D:5      | Killed a steam dragon
  3897 | D:5      | Reached XP level 8. HP: 49/58 MP: 4/8
  3914 | D:5      | Reached skill level 7 in Fighting
  5120 | D:4      | Gained mutation: Your magical capacity is low. (-10% MP) [potion of mutation]
  5120 | D:4      | Gained mutation: One of your tentacles bears a spike. [potion of mutation]
  5120 | D:4      | Gained mutation: Your spells are a little harder to cast, but a little more powerful. [potion of mutation]
  5120 | D:4      | Gained mutation: You are resistant to hostile enchantments. (MR+) [potion of mutation]
  5129 | D:4      | Reached skill level 8 in Fighting
  5406 | D:6      | Found a basalt altar of Yredelemnul.
  5523 | D:6      | Found a staircase to the Ecumenical Temple.
  5547 | D:6      | Reached XP level 9. HP: 29/67 MP: 4/8
  5552 | D:6      | Noticed Grinder
  5552 | D:6      | Paralysed by Grinder for 7 turns
  5872 | D:6      | Found a glowing drain.
  5891 | Sewer    | Entered a sewer
  6131 | Sewer    | Found a white marble altar of Elyvilon.
  6141 | Sewer    | Lost mutation: One of your tentacles bears a spike. [potion of mutation]
  6141 | Sewer    | Lost mutation: You are resistant to hostile enchantments. (MR+) [potion of mutation]
  6141 | Sewer    | Gained mutation: Your flesh is cold resistant. (rC+) [potion of mutation]
  6141 | Sewer    | Gained mutation: You are partially covered in iridescent scales. (AC +2) [potion of mutation]
  6249 | D:6      | Reached skill level 1 in Stealth
  6282 | D:6      | Reached skill level 1 in Throwing
  6327 | D:6      | Reached skill level 9 in Fighting
  6582 | Temple   | Entered the Ecumenical Temple
  6607 | Temple   | Became a worshipper of Warmaster Okawaru
  6667 | D:7      | Reached skill level 1 in Invocations
  7034 | D:7      | Noticed tstbtto's ghost (novice NaBe)
  7048 | D:7      | HP: 3/68 [tstbtto's ghost (14)]
  7049 | D:7      | Demolished by tstbtto's ghost

Vault maps used:
D:1:      minmay_arrival_cross
D:2:      fountainhead, uniq_terence
D:3:      chequers_ecumenical_altar_grove
D:5:      kennysheep_steamy, grunt_temple_overflow_open, first_bread,
          minmay_hollow_rounded_squares
D:6:      yredelemnul_altar_generic, minmay_temple_entry_trees,
          portal_sewer_entry_f, uniq_grinder
D:7:      uniq_crazy_yiuf_cottage
Temple:   nicolae_temple_x_marks_the_god
Sewer:    sewer_kobolds

Skill      XL: |  1  2  3  4  5  6  7  8  9 |
---------------+----------------------------+-----
Maces & Flails | 3 4 5 6 8 |  8.8
Fighting       | 4 5 6 8 9 |  9.2
Stealth        | 3 |  3.9
Throwing       | 2 |  2.8
Invocations    | 2 |  2.3
Dodging        | |  3.0
Shields        | |  3.0

Action                   |  1- 3 |  4- 6 |  7- 9 || total
-------------------------+-------+-------+-------++-------
Melee: Flail             |    30 |       |       ||    30
       Constrict         |    10 |    28 |    49 ||    87
       Tentacles         |     8 |    20 |    53 ||    81
       Morningstar       |    13 |   101 |   266 ||   380
       Kick              |       |       |    15 ||    15
Throw: Javelin           |       |     3 |    15 ||    18
  Use: Scroll            |     3 |    10 |     5 ||    18
       Potion            |       |     4 |     6 ||    10
 Stab: Sleeping          |     5 |     7 |     7 ||    19
  Eat: Chunk             |       |     6 |    11 ||    17
       Royal jelly       |       |     2 |       ||     2
       Bread ration      |       |       |     1 ||     1
Armor: Skin              |     3 |    12 |     8 ||    23
Dodge: Dodged            |    14 |    38 |   139 ||   191
Block: Shield            |    15 |    47 |   141 ||   203
